 Dungeon Crawl Stone Soup version 0.31-a0-267-g3fc6992b3b (webtiles) character file.

Game seed: 14666913704831452710

499 qw the Shooter (level 7, -1/43 HPs)
             Began as a Gargoyle Hexslinger on July 14, 2023.
             Was an Initiate of Okawaru.
             Slain by an ice beast (14 damage)
             ... on level 4 of the Dungeon.
             The game lasted 00:01:37 (3188 turns).

qw the Shooter (Gargoyle Hexslinger)                Turns: 3188, Time: 00:01:38

Health: -1/43      AC: 12    Str: 17    XL:     7   Next: 16%
Magic:  8/8        EV: 11    Int: 14    God:    Okawaru [......]
Gold:   246        SH:  0    Dex: 14    Spells: 7/8 levels left

rFire   . . .        Y - +2 sling
rCold   . . .        (no shield)
rNeg    + . .        g - +0 ring mail
rPois   inf          (no helmet)
rElec   +            (no cloak)
rCorr   .            (no gloves)
SInv    .            e - +1 pair of boots
Will    .....        (no amulet)
Stlth   +            b - +6 ring of strength
HPRegen 0.27/turn    (no ring)
MPRegen 0.11/turn

%: no passive effects
@: no status effects
A: sickness immunity, AC +4, negative energy resistance 1, electricity
resistance, torment resistance 1, petrification resistance
a: Renounce Religion


You were on level 4 of the Dungeon.
You worshipped Okawaru.
Okawaru was noncommittal.
You visited 2 branches of the dungeon, and saw 6 of its levels.

You collected 246 gold pieces.


Innate Abilities, Weirdness & Mutations

You are immune to sickness and miasma.
Your stone body is resilient. (AC +4)
You are immune to poison.
You resist negative energy. (rN+)
You are resistant to electric shocks. (rElec)
You are resistant to unholy torment.
You are immune to petrification.


   Skills:
 - Level 4.2 Fighting
 + Level 6.2 Ranged Weapons
 - Level 1.4 Armour
 - Level 1.5 Dodging
 - Level 1.0 Spellcasting
 - Level 2.6 Hexes


You had 7 spell levels left.
You knew the following spells:

 Your Spells              Type           Power      Damage    Failure   Level
a - Slow                  Hex            32%        N/A       16%         1

Your spell library contained the following spells:

 Spells                   Type           Power      Damage    Failure   Level
 Inner Flame              Hex/Fire       4%         N/A       63%         3
 Portal Projectile        Hex/Tloc       8%         N/A       63%         3
 Cause Fear               Hex            4%         N/A       83%         4

Inventory:

Hand Weapons
 Y - a +2 sling (weapon)
Armour
 e - a +1 pair of boots (worn)
 g - a +0 ring mail (worn)
Jewellery
 b - a +6 ring of strength (left hand)
Scrolls
 a - 3 scrolls of teleportation
 l - a scroll of identify
Potions
 c - a potion of enlightenment
 h - a potion of curing
 i - 2 potions of heal wounds

Dungeon Overview and Level Annotations

Branches:
Dungeon (5/15)             Temple (1/1) D:5

Altars:
Cheibriados
Dithmenos
Elyvilon
Fedhas
Gozag
Hepliaklqana
Kikubaaqudgha
Makhleb
Nemelex Xobeh
Okawaru
Qazlal
Ru
Sif Muna
Trog
Uskayaw
Vehumet
Yredelemnul
The Shining One

Shops:
D:3 =   D:5 :


Message History

Enter note:
Enter note:
Enter note:
Enter note:
Enter note:
Enter note:
Enter note:
Enter note: You start resting.
HP restored.
Done exploring.
(D) Dungeon (T) Temple
Where to? (* - list waypoints, Enter - D:5, ? - help)
What level of the Dungeon? (default 1, ? - help)
You climb downwards.
The orc hits you but does no damage. The ice beast barely misses you.
The orc hits you with a +0 dagger. The ice beast barely misses you.
There is a stone staircase leading up here.
You shoot a sling bullet. The sling bullet hits the orc.
You kill the orc!
Okawaru accepts your kill. The orc completely misses you.
The ice beast hits you but does no damage.
You shoot a sling bullet.
The sling bullet barely misses the ice beast.
The orc hits you with a +0 dagger.
The orc priest looks encouraged for a moment.
The ice beast hits you. The ice beast freezes you!
3185 ||| STAIRDANCE The orc misses you.
The ice beast barely misses you. The orc hits you but does no damage.
You climb upwards.
There is a stone staircase leading down here.
You shoot a sling bullet.
The sling bullet hits the ice beast but does no damage.
The orc closely misses you. The ice beast hits you. The ice beast freezes you!
You shoot a sling bullet.
The sling bullet completely misses the ice beast.
The orc closely misses you. The ice beast hits you. The ice beast freezes you!
You die...

##..## ##......>##
##.## ##.# ##.....##
#.# #.#######...## #.#
#.#....[.#'## #.#
#.#.####.#.# #.# ##.#.#
#.#.# #.#
#....####.#.## #.#
#.......#....### #.#
#<...##.#...oo@# #.#
####.##.#..###Y######.#
#.##.#..# #........#
#.......###.########
####........#
##########


You could see an ice beast and 2 orcs.

Vanquished Creatures
  5 scorpions
  2 iguanas (D:4)
  4 gnolls (D:4)
  3 adders
  3 worms
  3 dart slugs
  2 orcs (D:5)
  13 ball pythons
  4 bats
  9 endoplasms
  A giant cockroach (D:4)
  3 goblins
  10 hobgoblins
  3 kobolds
  5 quokkas
  5 frilled lizards
  7 rats
82 creatures vanquished.

Notes
Turn   | Place    | Note
-------+----------+-------------------------------------------
     0 | D:1      | qw the Gargoyle Hexslinger began the quest for the Orb.
     0 | D:1      | Reached XP level 1. HP: 12/12 MP: 2/2
     0 | D:1      | 0 ||| qw: Version: 0.3-a-52-g30416fa
     0 | D:1      | 0 ||| qw: Game counter: 7882
     0 | D:1      | 0 ||| qw: Melee chars always use a shield: true
     0 | D:1      | 0 ||| qw: God list: Okawaru
     0 | D:1      | 0 ||| qw: Allow faded altars: false
     0 | D:1      | 0 ||| qw: Do Orc after clearing Dungeon:15 true
     0 | D:1      | 0 ||| qw: Do second Lair branch before Depths: true
     0 | D:1      | 0 ||| qw: Lair rune preference: random
     0 | D:1      | 0 ||| qw: Goals: Normal
     0 | D:1      | 0 ||| PLANNING D:1-11
   115 | D:1      | Reached XP level 2. HP: 16/16 MP: 3/3
   321 | D:1      | Reached skill level 3 in Ranged Weapons
   476 | D:1      | Reached XP level 3. HP: 21/21 MP: 4/4
   527 | D:1      | 527 ||| READING 2 scrolls labelled MIGITW KIOGAOX.
   531 | D:1      | 531 ||| READING scroll labelled ALIAMO WAORAGG.
   532 | D:1      | 532 ||| READING scroll labelled AMASAYR RARGH.
   533 | D:1      | 533 ||| READING scroll labelled MUCWUI KAEWERO.
   534 | D:1      | 534 ||| READING scroll labelled WOOGGI LUMOPTE.
   550 | D:1      | 550 ||| DRINKING 2 coppery potions.
   551 | D:1      | 551 ||| DROPPING scroll of poison.
  1008 | D:2      | Reached XP level 4. HP: 23/26 MP: 5/5
  1077 | D:2      | 1077 ||| UPGRADING to +6 ring of strength.
  1078 | D:2      | 1078 ||| READING 2 scrolls labelled CAOM ESETZYQES.
  1079 | D:2      | 1079 ||| DRINKING 2 cyan potions.
  1080 | D:2      | 1080 ||| DROPPING potion of attraction.
  1092 | D:3      | 1092 ||| STAIRDANCE
  1131 | D:3      | Reached skill level 4 in Ranged Weapons
  1521 | D:3      | 1521 ||| FLEEEEING.
  1522 | D:3      | 1522 ||| FLEEEEING.
  1523 | D:3      | 1523 ||| FLEEEEING.
  1545 | D:3      | Found Moju's Jewellery Shop.
  1555 | D:3      | 1555 ||| SHOPLISTING amulet of the acrobat (390 gold, have
                  | 148).
  1555 | D:3      | 1555 ||| SHOPLISTING ring of fire (325 gold, have 148).
  1555 | D:3      | 1555 ||| SHOPLISTING ring of ice (325 gold, have 148).
  1555 | D:3      | 1555 ||| SHOPLISTING ring of protection from cold (325
                  | gold, have 148).
  1661 | D:3      | 1661 ||| UPGRADING to +0 pair of boots.
  1666 | D:3      | 1666 ||| UPGRADING to +0 ring mail.
  1676 | D:3      | 1676 ||| DROPPING +0 robe.
  1677 | D:3      | 1677 ||| READING scroll of enchant armour.
  1677 | D:3      | 1677 ||| ENCHANTING +0 pair of boots.
  1678 | D:3      | 1678 ||| READING scroll labelled NIDAXE AMYO.
  1679 | D:3      | 1679 ||| READING scroll labelled SISCHU RYWKOEPE.
  1708 | D:4      | Reached skill level 1 in Armour
  1752 | D:4      | Noticed a scorpion
  1769 | D:4      | Killed a scorpion
  1770 | D:4      | Reached XP level 5. HP: 22/30 MP: 6/6
  1856 | D:4      | Reached skill level 5 in Ranged Weapons
  2305 | D:4      | Reached skill level 3 in Fighting
  2305 | D:4      | Reached XP level 6. HP: 37/37 MP: 7/7
  2500 | D:4      | HP: 5/37 [gnoll/+0 spear (6)]
  2501 | D:4      | 2501 ||| READING 4 scrolls of teleportation.
  2502 | D:4      | 2502 ||| DRINKING 3 potions of heal wounds.
  2749 | D:4      | Reached skill level 6 in Ranged Weapons
  2795 | D:4      | 2795 ||| READING scroll labelled RUHOFO QAUDGHE.
  2796 | D:4      | 2796 ||| READING scroll labelled TYIGEE QASIRUSCH.
  2797 | D:4      | 2797 ||| READING scroll labelled ERGHIN TENOMAE.
  2798 | D:4      | 2798 ||| DRINKING 2 dark potions.
  2799 | D:4      | 2799 ||| READING 3 scrolls of identify.
  2799 | D:4      | 2799 ||| IDENTIFYING white potion
  2800 | D:4      | 2800 ||| READING 2 scrolls of identify.
  2800 | D:4      | 2800 ||| IDENTIFYING metallic orange potion
  2801 | D:4      | 2801 ||| DROPPING potion of brilliance.
  2858 | D:5      | Entered Level 5 of the Dungeon
  2865 | D:5      | Reached XP level 7. HP: 40/41 MP: 8/8
  2967 | D:5      | Found Zeawn's Tiny Tomes.
  3001 | D:5      | Found a staircase to the Ecumenical Temple.
  3002 | D:5      | 3002 ||| PLANNING TEMPLE
  3002 | D:5      | 3002 ||| UPGRADING to amulet of guardian spirit.
  3014 | Temple   | Entered the Ecumenical Temple
  3017 | Temple   | 3017 ||| PLANNING OKAWARU WORSHIP
  3102 | Temple   | Became a worshipper of Warmaster Okawaru
  3103 | Temple   | 3103 ||| PLANNING D:1-11
  3103 | Temple   | 3103 ||| REMOVING amulet of guardian spirit.
  3108 | Temple   | 3108 ||| DROPPING amulet of guardian spirit.
  3128 | D:5      | 3128 ||| FLEEEEING.
  3129 | D:5      | 3129 ||| FLEEEEING.
  3130 | D:5      | 3130 ||| FLEEEEING.
  3131 | D:5      | 3131 ||| FLEEEEING.
  3132 | D:5      | 3132 ||| FLEEEEING.
  3133 | D:5      | 3133 ||| FLEEEEING.
  3134 | D:5      | 3134 ||| FLEEEEING.
  3135 | D:5      | 3135 ||| FLEEEEING.
  3136 | D:5      | 3136 ||| FLEEEEING.
  3137 | D:5      | 3137 ||| FLEEEEING.
  3138 | D:5      | 3138 ||| FLEEEEING.
  3139 | D:5      | 3139 ||| FLEEEEING.
  3140 | D:5      | 3140 ||| FLEEEEING.
  3141 | D:5      | 3141 ||| FLEEEEING.
  3142 | D:5      | 3142 ||| FLEEEEING.
  3143 | D:5      | 3143 ||| FLEEEEING.
  3144 | D:5      | 3144 ||| FLEEEEING.
  3145 | D:5      | 3145 ||| FLEEEEING.
  3146 | D:5      | 3146 ||| FLEEEEING.
  3147 | D:5      | 3147 ||| FLEEEEING.
  3148 | D:5      | 3148 ||| FLEEEEING.
  3149 | D:5      | 3149 ||| FLEEEEING.
  3150 | D:5      | 3150 ||| FLEEEEING.
  3151 | D:5      | 3151 ||| FLEEEEING.
  3152 | D:5      | 3152 ||| FLEEEEING.
  3153 | D:5      | 3153 ||| FLEEEEING.
  3154 | D:5      | 3154 ||| STAIRDANCE
  3185 | D:5      | 3185 ||| STAIRDANCE
  3188 | D:4      | Slain by an ice beast

Levels and vault maps discovered:
D:1:      tarquinn_simple_flora_water_c, layout_basic, hex_tiny
D:2:      layout_loops_ring
D:3:      layout_rooms, serial_shops, nicolae_shop_stone
D:4:      layout_loops_corners
D:5:      layout_cave_pods, minmay_temple_entry_junction,
          nicolae_shop_i_like_small_books_too, skrybe_limestone_x
Temple:   dpeg_three_leaves_temple

Skill      XL: |  1  2  3  4  5  6  7 |
---------------+----------------------+-----
Ranged Weapons | 3 4 5 6 |  6.2
Fighting       | 2 3 4 |  4.2
Armour         | 1 |  1.4
Dodging        | |  1.5
Spellcasting   | |  1.0
Hexes          | |  2.6

Action                     |  1- 3 |  4- 6 |  7- 9 || total
---------------------------+-------+-------+-------++-------
   Fire: Sling             |   124 |   194 |    25 ||   343
    Use: Scroll            |     5 |    10 |       ||    15
         Potion            |     1 |     3 |       ||     4
 Armour: Robe              |    20 |    10 |       ||    30
         Ring mail         |       |    51 |     8 ||    59
  Dodge: Dodged            |    33 |    92 |    17 ||   142

Table legend:
 A = Non-vault XP
 B = Vault XP
 C = Vault XP percentage of total XP
 D = Non-vault monster count
 E = Vault monster count
 F = Vault count percentage of total count
                 A         B        C        D         E       F
            +---------+---------+-------+---------+---------+-------
      Total |     713 |       0 |   0.0 |      82 |       0 |   0.0
            +---------+---------+-------+---------+---------+-------
        D:1 |      34 |       0 |   0.0 |      22 |       0 |   0.0
        D:2 |      56 |       0 |   0.0 |      21 |       0 |   0.0
        D:3 |      26 |       0 |   0.0 |      14 |       0 |   0.0
        D:4 |     494 |       0 |   0.0 |      21 |       0 |   0.0
        D:5 |     103 |       0 |   0.0 |       4 |       0 |   0.0
            +---------+---------+-------+---------+---------+-------
